 Dungeon Crawl Stone Soup version 0.21-a0-125-gb006224 (webtiles) character file.

17240 GordonOverkill the Unseen (level 12, 0/60 HPs)
             Began as a Felid Enchanter on July 15, 2017.
             Was the Champion of Yredelemnul.
             Slain by a chaos spawn (13 damage)
             ... on level 2 of the Orcish Mines.
             The game lasted 02:19:17 (39522 turns).

GordonOverkill the Unseen (Felid Enchanter)        Turns: 39522, Time: 02:19:17

Health: 0/60       AC:  3    Str:  4    XL:     12   Next: 17%
Magic:  20/21      EV: 32    Int: 19    God:    Yredelemnul [******]
Gold:   1679       SH:  0    Dex: 19    Spells: 3/17 levels left
                                        Lives:  0   Deaths: 4

rFire    . . .     SeeInvis +     - Unarmed
rCold    + . .     Gourm    .   (shield unavailable)
rNeg     . . .     Faith    .   (armour unavailable)
rPois    +         Spirit   .   (helmet unavailable)
rElec    .         Reflect  .   (cloak unavailable)
rCorr    .         Harm     .   (gloves unavailable)
MR       +....     Rnd*Tele +   (boots unavailable)
Stlth    +++++++...             e - amulet of rage
HPRegen  0.20/turn              p - ring of teleportation (curse)
MPRegen  0.17/turn              d - ring of poison resistance

@: confusing touch, quick
A: no armour, no weapons or thrown items, stealth, claws 1, fangs 3, see
invisible, carnivore 3, speed 1, shaggy fur 3, slow metabolism 1, sharp paws
a: Recall Undead Slaves, Injury Mirror, Animate Dead, Drain Life, Enslave Soul,
Renounce Religion, Evoke Berserk Rage


You were on level 2 of the Orcish Mines.
You worshipped Yredelemnul.
Yredelemnul was exalted by your worship.
You were not hungry.

You visited 4 branches of the dungeon, and saw 21 of its levels.

You collected 1679 gold pieces.

Inventory:

Jewellery
 d - a ring of poison resistance (right paw)
 e - an amulet of rage (around neck)
 l - an uncursed ring of positive energy
 p - a cursed ring of teleportation (left paw)
Wands
 g - a wand of confusion (16/48)
 j - a wand of confusion (0/48)
 o - a wand of random effects (7/48)
 q - a wand of iceblast (5/15)
 u - a wand of lightning (7/15)
 v - a wand of iceblast (6/15)
 A - a wand of lightning (6/15)
 C - a wand of acid (2/15)
Scrolls
 k - 6 scrolls of identify
 s - 2 scrolls of magic mapping
Potions
 a - 3 potions of flight
 c - 6 potions of brilliance
 i - 5 potions of magic
 n - 2 potions of lignification
 r - 5 potions of heal wounds
 t - 3 potions of resistance
 w - a potion of agility
 x - 5 potions of curing
Books
 h - a book of Power

   Spells                             Type                      Level
   a - Iskenderun's Battlesphere      Conjuration/Charms           5
   b - Venom Bolt                     Conjuration/Poison           5
   c - Bolt of Magma                  Conjuration/Fire/Earth       5
   d - Iron Shot                      Conjuration/Earth            6
   e - Orb of Destruction             Conjuration                  7
   f - Spellforged Servitor           Conjuration/Summoning        7
 m - a book of Conjurations

   Spells                             Type                      Level
   a - Magic Dart                     Conjuration                  1
   b - Searing Ray                    Conjuration                  2
   c - Dazzling Spray                 Conjuration/Hexes            3
   d - Fulminant Prism                Conjuration/Hexes            4
   e - Force Lance                    Conjuration/Translocation    4
   f - Iskenderun's Mystic Blast      Conjuration                  4
 y - a book of Cantrips

   Spells                             Type                      Level
   a - Confusing Touch                Hexes                        1
   b - Animate Skeleton               Necromancy                   1
   c - Summon Small Mammal            Summoning                    1
   d - Apportation                    Translocation                1
 B - a book of Ice

   Spells                             Type                      Level
   a - Ice Form                       Ice/Transmutation            4
   b - Metabolic Englaciation         Hexes/Ice                    5
   c - Ozocubu's Refrigeration        Ice                          6
   d - Bolt of Cold                   Conjuration/Ice              6
   e - Freezing Cloud                 Conjuration/Ice/Air          6
   f - Simulacrum                     Ice/Necromancy               6
Miscellaneous
 z - a phial of floods
Comestibles
 b - 12 meat rations
 f - 11 royal jellies


   Skills:
 - Level 11.1 Fighting
 - Level 15.0 Dodging
 - Level 16.2 Stealth
 * Level 5.6 Unarmed Combat
 - Level 3.2 Spellcasting
 - Level 7.7 Hexes
 - Level 11.4 Invocations
 - Level 6.5 Evocations


You had 3 spell levels left.
You knew the following spells:

 Your Spells              Type           Power        Failure   Level  Hunger
a - Confusing Touch       Hex            ####..       1%          1    None
b - Ensorcelled Hibernat  Hex/Ice        ###...       4%          2    ##.....
c - Confuse               Hex            ####....     1%          3    ###....
d - Dazzling Spray        Conj/Hex       ###...       9%          3    ###....
e - Tukima's Dance        Hex            ####....     1%          3    ###....
f - Apportation           Tloc           #.....       16%         1    None
g - Corona                Hex            ####...      1%          1    None


Dungeon Overview and Level Annotations

Branches:
Dungeon (12/15)            Temple (1/1) D:4            Lair (6/6) D:9
  Swamp (0/4) Lair:3        Snake (0/4) Lair:2        Slime (0/5) Lair:6
    Orc (2/2) D:11
    Elf: Orc:2

Altars:
Ashenzari
Cheibriados
Dithmenos
Elyvilon
Fedhas
Gozag
Hepliaklqana
Kikubaaqudgha
Makhleb
Nemelex Xobeh
Okawaru
Qazlal
Ru
Sif Muna
Trog
Uskayaw
Vehumet
Wu Jian
Xom
Yredelemnul
Zin
The Shining One

Shops:
D:4 :[(   D:6 }

Annotations:
D:12 Nergalle; Nessos; Perturabo's ghost, journeyman MiFi


Innate Abilities, Weirdness & Mutations

You cannot wear armour.
You are incapable of wielding weapons or throwing items.
Your paws allow you to move quietly. (Stealth)
You have sharp claws.
You have razor-sharp teeth.
You have supernaturally acute eyesight. (SInv)
You are carnivorous and can eat meat at any time.
You cover ground quickly.
Your thick and shaggy fur keeps you warm. (AC +3, rC+)
You have a slow metabolism.
Your sharp claws are effective at attacking unaware monsters.


Message History

Yredelemnul accepts your kill.
The hellwing gives a chilling moan.
An orc high priest comes into view. It is wielding a battleaxe.
The chaos spawn squeals angrily.
The orc warrior shouts!
An orc knight comes into view. It is wielding a great sword.
Okay, then.
As you read the scroll of fear, it crumbles to dust.
You assume a fearsome visage.
The chaos spawn is unaffected.
The orc sorcerer looks frightened!
The orc sorcerer shouts!
The orc warrior looks frightened! x2
The orc warrior shouts!
The orc knight looks frightened!
The orc high priest looks frightened!
The orc high priest shouts!
The orc knight moves out of view.
Casting: Confusing Touch
Confirm with . or Enter, or press ? or * to list all spells.
Your paws begin to glow red.
The chaos spawn hits you!
You die...
Your body rises from the dead as a mindless zombie.

.....ooZ##......#
....#..o###..#.##
... ##..# ######
# ####.. ##.###.
##.).# # ##.#)#
##...#...#
#.4@###...#
#...## #.o.#
#...# #.oo. #...#
#4.. #.#.# #o.
o.o. #. ... o.


You could see a chaos spawn, an orc sorcerer (fleeing) and 2 orc warriors.

Vanquished Creatures
  Saint Roka (Orc:2)
  A fire dragon (Lair:6)
  4 hydras
  4 two-headed ogres
  A skeletal warrior (Orc:2)
  A lindwurm (Lair:6)
  An orc knight (Orc:1)
  Pikel (D:5)
  2 orc sorcerers (Orc:1)
  A cyclops (D:11)
  A molten gargoyle (Lair:6)
  An elephant (Lair:4)
  Psyche (D:8)
  4 black mambas (Lair:6)
  9 spiny frogs
  8 komodo dragons
  The ghost of dricus the Insei, a novice OpTm of Cheibriados (D:7)
  2 rime drakes
  A polar bear (Lair:6)
  8 hippogriffs
  9 blink frogs
  12 dream sheep
  A vampire (D:12)
  4 wyverns (Lair:6)
  A black mamba zombie (Lair:6)
  A dancing weapon (D:6)
  17 yaks
  3 wraiths
  Eustachio (D:4)
  3 basilisks
  A steam dragon (Lair:6)
  A hungry ghost (D:10)
  2 swamp worms (Lair:3)
  A warg (Orc:1)
  A naga (Lair:2)
  4 hell hounds (Lair:6)
  15 water moccasins
  2 spiny frog zombies (Lair:5)
  11 orc warriors
  12 porcupines
  4 slaves
  3 sky beasts
  3 ice beasts
  2 phantoms
  6 ogres
  24 wolves
  6 centaurs
  A rime drake zombie (Lair:6)
  6 crocodiles
  A big kobold (D:9)
  12 bullfrogs
  A gnoll sergeant (D:9)
  2 water moccasin zombies
  6 killer bees (D:10)
  A polar bear zombie (Lair:5)
  A scorpion (D:4)
  9 wights
  2 howler monkeys (D:9)
  A centaur zombie (D:5)
  6 crimson imps
  5 lava snakes (Lair:6)
  4 bullfrog zombies
  5 hounds
  2 jellies
  A basilisk zombie (Lair:6)
  A bullfrog skeleton (D:4)
  4 centaur skeletons
  8 orc priests
  2 iguanas
  A porcupine zombie (Lair:3)
  12 orc wizards
  Ijyb (D:3)
  4 worker ants
  A hound zombie (D:6)
  2 hound skeletons
  8 gnolls
  A howler monkey skeleton (D:4)
  12 adders
  A steam dragon zombie (Lair:6)
  A shadow imp (D:5)
  2 oozes
  An adder skeleton (D:5)
  An adder zombie (D:9)
  4 worms
  5 dart slugs
  10 leopard geckos
  47 orcs
  6 giant cockroaches
  16 goblins
  8 hobgoblins
  8 jackals
  10 quokkas
  6 ball pythons
  10 bats
  5 frilled lizards
  16 kobolds
  A kobold zombie (D:9)
  A leopard gecko skeleton (D:5)
  3 orc zombies
  A quokka skeleton (D:4)
  8 rats
497 creatures vanquished.

Vanquished Creatures (collateral kills)
  Josephine (D:12)
  A hydra (Lair:3)
  2 two-headed ogres
  An orc sorcerer (Orc:2)
  A manticore (D:11)
  2 black mambas (Lair:6)
  A torpor snail (Lair:5)
  2 spiny frogs (Lair:5)
  2 molten gargoyles (Lair:6)
  2 komodo dragons (Lair:1)
  2 polar bears
  A queen bee (D:10)
  7 blink frogs
  18 dream sheep
  3 hippogriffs
  16 yaks
  A steam dragon (Lair:6)
  A basilisk (Lair:5)
  2 hungry ghosts
  4 swamp worms (Lair:3)
  4 water moccasins
  4 porcupines
  A hell hound (Lair:6)
  2 sky beasts (D:11)
  3 orc warriors (D:11)
  2 ice beasts (D:11)
  3 ogres
  3 centaurs (D:11)
  16 wolves
  3 crocodiles
  2 bullfrogs
  A big kobold (D:10)
  A scorpion (D:11)
  17 killer bees (D:10)
  8 wights
  An electric eel (Lair:3)
  A hound (D:11)
  An orc wizard (D:11)
  8 orc priests
  A bullfrog skeleton (D:6)
  A jelly (D:11)
  A worker ant (D:6)
  A killer bee zombie (D:5)
  A gnoll (D:9)
  A shadow imp (D:9)
  30 orcs
  5 kobolds
  A quokka zombie (D:6)
  3 fungi
  3 plants
199 creatures vanquished.

Vanquished Creatures (others)
  2 flayed ghosts (D:12)
  2 phantasmal warriors
  A felid zombie (Orc:2)
  3 black mamba zombies (Lair:6)
  A vampire (D:11)
  6 flying skulls
  A wraith (Lair:6)
  A two-headed ogre zombie (D:9)
  A spiny frog zombie (Lair:6)
  A lindwurm zombie (Lair:6)
  An elephant zombie (Lair:4)
  3 blink frog zombies
  A dream sheep zombie (Lair:6)
  A wolf (Lair:6)
  A rime drake zombie (Lair:4)
  3 komodo dragon zombies
  2 hell hound zombies (Lair:6)
  A wyvern zombie (Lair:6)
  6 water moccasin zombies
  5 yak zombies
  2 wights
  7 wolf zombies
  4 centaur zombies
  3 bullfrog zombies
  A basilisk zombie (Lair:5)
  3 porcupine zombies
  3 killer bee zombies (D:10)
  3 crocodile zombies
  2 mummies
  A worker ant zombie (D:9)
  An adder zombie (D:5)
  An iguana zombie (D:9)
  4 gnoll zombies (D:9)
  3 kobold zombies
  4 orc skeletons
  10 orc zombies
  A bush (Lair:6)
  46 fungi
  36 plants
178 creatures vanquished.

Grand Total: 874 creatures vanquished

Notes
Turn   | Place    | Note
-------+----------+-------------------------------------------
     0 | D:1      | GordonOverkill the Felid Enchanter began the quest for the Orb.
     0 | D:1      | Reached XP level 1. HP: 7/7 MP: 4/4
    61 | D:1      | Found an iron altar of Okawaru.
   567 | D:1      | Reached XP level 2. HP: 9/11 MP: 4/6
   571 | D:1      | Learned a level 2 spell: Ensorcelled Hibernation
   799 | D:1      | Reached skill level 5 in Hexes
  1836 | D:1      | Reached XP level 3. HP: 14/14 MP: 2/7
  1980 | D:1      | Reached skill level 5 in Stealth
  2200 | D:2      | Learned a level 3 spell: Confuse
  2703 | D:2      | Found a glowing golden altar of the Shining One.
  3080 | D:2      | Reached XP level 4. HP: 18/18 MP: 5/8
  3758 | D:3      | Noticed Ijyb
  3798 | D:2      | Slain by an adder
  3799 | D:2      | Reached XP level 3. HP: -4/14 MP: 0/7
  3845 | D:2      | Reached skill level 6 in Stealth
  3930 | D:3      | Killed Ijyb
  3930 | D:3      | Reached XP level 4. HP: 18/18 MP: 2/8
  4228 | D:3      | Found an iron altar of Okawaru.
  4230 | D:3      | Found an opulent altar of Gozag.
  4338 | D:3      | Reached XP level 5. HP: 21/21 MP: 1/9
  6195 | D:4      | Found a staircase to the Ecumenical Temple.
  6204 | Temple   | Entered the Ecumenical Temple
  6246 | Temple   | Became a worshipper of Yredelemnul the Dark
  6337 | D:4      | Noticed Eustachio
  6353 | D:4      | Found Eluny's Armour Boutique.
  6713 | D:4      | Found Kiomaf's Antique Weapon Boutique.
  6729 | D:4      | Noticed a phantom
  7052 | D:4      | Killed Eustachio
  7052 | D:4      | Reached skill level 1 in Fighting
  7052 | D:4      | Reached skill level 7 in Stealth
  7052 | D:4      | Reached skill level 1 in Invocations
  7052 | D:4      | Gained mutation: You are covered in thick fur. (AC +2) [Felid growth]
  7052 | D:4      | Reached XP level 6. HP: 17/25 MP: 4/10
  7301 | D:4      | Learned a level 3 spell: Dazzling Spray
  7435 | D:4      | Found a hazy altar of Hepliaklqana.
  7493 | D:4      | Reached XP level 7. HP: 29/29 MP: 7/12
  7755 | D:4      | Found Eschemem's Book Shoppe.
  8756 | D:5      | Entered Level 5 of the Dungeon
  8837 | D:5      | Learned a level 3 spell: Tukima's Dance
  8976 | D:5      | Reached skill level 8 in Stealth
  9078 | D:5      | Found a shadowy altar of Dithmenos.
  9086 | D:5      | Noticed Pikel
  9745 | D:5      | Reached * piety under Yredelemnul
  9953 | D:5      | Reached skill level 5 in Dodging
  9953 | D:5      | Reached XP level 8. HP: 28/34 MP: 7/13
 10432 | D:5      | Killed Pikel
 10432 | D:5      | Reached skill level 9 in Stealth
 11803 | D:6      | Reached XP level 9. HP: 35/39 MP: 9/14
 12307 | D:6      | Found Utzas's Gadget Emporium.
 12666 | D:6      | Found a burning altar of Makhleb.
 12670 | D:6      | Reached skill level 10 in Stealth
 12795 | D:6      | Reached ** piety under Yredelemnul
 13009 | D:6      | Reached skill level 5 in Fighting
 13009 | D:6      | Reached skill level 5 in Invocations
 13487 | D:7      | Noticed dricus's ghost (novice OpTm)
 13979 | D:7      | Learned a level 1 spell: Apportation
 14225 | D:7      | Killed dricus's ghost
 14889 | D:8      | Noticed a two-headed ogre
 14890 | D:8      | Found an ornate altar of the Wu Jian Council.
 15116 | D:8      | Killed a two-headed ogre
 15116 | D:8      | Reached skill level 11 in Stealth
 15704 | D:8      | Noticed a two-headed ogre
 15727 | D:8      | Killed a two-headed ogre
 15727 | D:8      | Reached XP level 10. HP: 46/46 MP: 10/15
 15792 | D:8      | Noticed Psyche
 15813 | D:8      | Killed Psyche
 16226 | D:9      | Noticed a two-headed ogre
 16251 | D:9      | Killed a two-headed ogre
 16610 | D:9      | Noticed a two-headed ogre
 16630 | D:9      | Reached skill level 10 in Dodging
 16634 | D:9      | Killed a two-headed ogre
 16634 | D:9      | Reached skill level 12 in Stealth
 16747 | D:9      | Reached *** piety under Yredelemnul
 17032 | D:9      | Found a stormy altar of Qazlal.
 17271 | D:9      | Found a shimmering altar of Xom.
 17271 | D:9      | Noticed a mana viper
 17273 | D:9      | Found a shimmering altar of Xom.
 17273 | D:9      | Found a shimmering altar of Xom.
 17273 | D:9      | Found a shimmering altar of Xom.
 17273 | D:9      | Found a shimmering altar of Xom.
 17274 | D:9      | Found a shimmering altar of Xom.
 17338 | D:9      | Found a staircase to the Lair.
 17377 | D:9      | Noticed a two-headed ogre
 17404 | D:9      | Killed a two-headed ogre
 17479 | D:9      | Found a hide-covered altar of Uskayaw.
 17499 | D:9      | Reached XP level 11. HP: 20/51 MP: 5/17
 17551 | D:9      | Reached **** piety under Yredelemnul
 17799 | Lair:1   | Entered Level 1 of the Lair of Beasts
 18213 | Lair:1   | Received a gift from Yredelemnul (a mummy)
 18716 | Lair:1   | Reached skill level 13 in Stealth
 20243 | Lair:2   | Found a staircase to the Snake Pit.
 20957 | Lair:3   | Noticed a six-headed hydra
 21754 | Lair:3   | Killed a six-headed hydra
 21754 | Lair:3   | Reached skill level 1 in Evocations
 21935 | Lair:3   | Found a staircase to the Swamp.
 22414 | Lair:4   | Reached skill level 14 in Stealth
 23291 | Lair:4   | Gained mutation: Your thick and shaggy fur keeps you warm. (AC +3, rC+) [Felid growth]
 23291 | Lair:4   | Reached XP level 12. HP: 42/57 MP: 18/20
 25071 | Lair:5   | Noticed a six-headed hydra
 25080 | Lair:5   | Killed a six-headed hydra
 25286 | Lair:5   | Received a gift from Yredelemnul (a wight)
 26056 | Lair:6   | Entered Level 6 of the Lair of Beasts
 26182 | Lair:5   | Reached skill level 10 in Invocations
 26798 | Lair:6   | Noticed an eight-headed hydra
 26823 | Lair:6   | Killed an eight-headed hydra
 27053 | Lair:6   | Reached skill level 5 in Evocations
 27053 | Lair:6   | Received a gift from Yredelemnul (a wight)
 27069 | Lair:6   | Noticed an eight-headed hydra
 27094 | Lair:6   | HP: 2/58 [nine-headed hydra (18)]
 27162 | Lair:6   | Mangled by a black mamba
 27163 | Lair:6   | Reached XP level 11. HP: -6/54 MP: 6/19
 27168 | Lair:6   | Noticed an eight-headed hydra
 27170 | Lair:6   | Killed a nine-headed hydra
 27170 | Lair:6   | Reached skill level 10 in Fighting
 27170 | Lair:6   | Reached skill level 15 in Stealth
 27203 | Lair:6   | Killed an eight-headed hydra
 27488 | Lair:6   | Reached XP level 12. HP: 58/58 MP: 10/20
 28224 | Lair:6   | Reached ***** piety under Yredelemnul
 28830 | Lair:6   | Received a gift from Yredelemnul (a mummy)
 28883 | Lair:6   | Found a staircase to the Slime Pits.
 29056 | Lair:6   | Received a gift from Yredelemnul (a wight)
 31166 | Lair:6   | Received a gift from Yredelemnul (a wraith)
 31433 | Lair:6   | Found a large runed door.
 31433 | Lair:6   | Found a large runed door.
 31586 | Lair:6   | Noticed a fire dragon
 31695 | Lair:6   | Reached XP level 13. HP: 62/62 MP: 18/22
 32047 | Lair:6   | Killed from afar by a fire dragon
 32048 | Lair:6   | Reached XP level 12. HP: -5/88 MP: 21/21
 32267 | Lair:6   | Killed a fire dragon
 32427 | Lair:6   | Reached skill level 16 in Stealth
 32427 | Lair:6   | Received a gift from Yredelemnul (a vampire)
 32625 | D:10     | Entered Level 10 of the Dungeon
 33341 | D:10     | Received a gift from Yredelemnul (2 flying skulls)
 33446 | D:10     | Received a gift from Yredelemnul (a phantasmal warrior)
 34215 | D:11     | Received a gift from Yredelemnul (4 flying skulls)
 34684 | D:11     | Received a gift from Yredelemnul (a flayed ghost)
 34696 | D:11     | Found a staircase to the Orcish Mines.
 35297 | D:12     | Received a gift from Yredelemnul (a flayed ghost)
 35396 | D:12     | Noticed Nergalle
 35398 | D:12     | Noticed Perturabo's ghost (journeyman MiFi)
 35411 | D:12     | Noticed Josephine
 35439 | D:12     | Killed Josephine
 35662 | D:12     | Noticed a two-headed ogre
 35811 | D:11     | Killed a two-headed ogre
 35996 | D:12     | Reached ****** piety under Yredelemnul
 36049 | D:12     | Reached skill level 15 in Dodging
 36418 | D:12     | Noticed Nessos
 36958 | Orc:1    | Entered Level 1 of the Orcish Mines
 37483 | Orc:2    | Entered Level 2 of the Orcish Mines
 37701 | Orc:2    | Noticed Saint Roka
 38312 | Orc:1    | Received a gift from Yredelemnul (a phantasmal warrior)
 38748 | Orc:1    | Learned a level 1 spell: Confusing Touch
 39255 | Orc:2    | Slain by Saint Roka
 39256 | Orc:2    | Reached XP level 11. HP: -4/55 MP: 20/20
 39264 | Orc:1    | Noticed an orc sorcerer
 39271 | Orc:1    | Killed an orc sorcerer
 39328 | Orc:1    | Noticed an orc sorcerer
 39337 | Orc:1    | Killed an orc sorcerer
 39337 | Orc:1    | Received a gift from Yredelemnul (a skeletal warrior)
 39474 | Orc:2    | Killed Saint Roka
 39474 | Orc:2    | Reached skill level 5 in Unarmed Combat
 39474 | Orc:2    | Reached XP level 12. HP: 58/60 MP: 21/21
 39520 | Orc:2    | Noticed an orc high priest
 39520 | Orc:2    | Your ally GordonOverkill died
 39522 | Orc:2    | Slain by a chaos spawn

Vault maps used:
D:1:      dpeg_arrival_water_temple_mockup, okawaru_ov_weapons_minmay
D:2:      tso_oasis_becter, first_bread
D:3:      nicolae_overflow_hidden_temple, uniq_ijyb
D:4:      lemuel_round_altar, minmay_temple_entry_statues_fountains,
          serial_shops, shop, nicolae_shop_trees, nicolae_shop_crystal,
          uniq_eustachio
D:5:      minivault_11, grunt_dithmenos_smoke_and_mirrors, uniq_pikel
D:6:      makhleb_grotto_becter, serial_shops, nicolae_shop_crystal
D:8:      lemuel_doored_altar, uniq_psyche
D:9:      xom_shifter_show, grunt_qazlal_clouds, lemuel_round_altar,
          grunt_lair_entry_orc_guard_hut, special_room, feat_on_display
D:10:     special_room
D:11:     david_orc_2
D:12:     serial_column_ruins, column_ruins_hut_water, column_ruins_open_tiny,
          column_ruins_columns_straight, column_ruins_open_small,
          column_ruins_columns_straight, column_ruins_open_medium,
          column_ruins_corridor_dead_end, column_ruins_open_medium,
          portal_ice_cave_demonic_guard, grunt_tengu_nest,
          minmay_misc_feat_five, uniq_nessos, uniq_josephine, uniq_nergalle
Temple:   cyrus_circular_temple
Lair:1:   lab_entry_generic, grunt_megastairs_2
Lair:2:   guppyfry_snake_entry_island
Lair:3:   nicolae_swamp_entry_splash_gauntlet
Lair:4:   serial_bayou_pond_b
Lair:5:   cheibrodos_lair_river_kwai, st_stairs_4
Lair:6:   cheibrodos_lair_end_hotspot, dpeg_slime_entry_corner,
          grunt_forest_large_clearings
Orc:2:    pf_orc_diabolical, uniq_saint_roka

Skill      XL: |  1  2  3  4  5  6  7  8  9 10 11 12 |
---------------+-------------------------------------+-----
Hexes          | 5 6 7 |  7.7
Stealth        | 6 7 8 9 11 12 15 16 | 16.2
Fighting       | 1 3 4 6 7 10 11 | 11.1
Dodging        | 3 5 7 9 10 12 15 | 15.0
Invocations    | 1 3 4 6 7 9 11 | 11.4
Spellcasting   | 3 |  3.2
Evocations     | 1 6 |  6.5
Unarmed Combat | 5 3 |  5.6

Action                   |  1- 3 |  4- 6 |  7- 9 | 10-12 | 13-15 || total
-------------------------+-------+-------+-------+-------+-------++-------
Melee: Unarmed           |   120 |   206 |   393 |  1089 |     4 ||  1812
       Bite              |     5 |    18 |    36 |   108 |       ||   167
       Punch             |       |     3 |     1 |     5 |       ||     9
 Cast: Corona            |    11 |     7 |       |     5 |       ||    23
       Ensorcelled Hiber |    41 |    69 |    77 |   240 |       ||   427
       Confuse           |     6 |    34 |    99 |   371 |       ||   510
       Tukima's Dance    |       |       |     1 |       |       ||     1
       Confusing Touch   |       |       |       |    21 |       ||    21
Invok: Animate Remains   |       |       |    13 |     7 |       ||    20
       Animate Dead      |       |       |       |    84 |       ||    84
       Recall Undead Sla |       |       |       |     7 |       ||     7
 Abil: Evoke Berserk Rag |       |       |       |     4 |     1 ||     5
Evoke: Wand              |       |       |     3 |    61 |       ||    64
       Phial of floods   |       |       |       |     2 |       ||     2
  Use: Scroll            |     4 |    11 |     8 |    14 |       ||    37
       Potion            |     2 |     1 |       |     6 |       ||     9
 Stab: Sleeping          |    31 |    39 |    63 |   138 |       ||   271
       Confused          |     2 |    21 |    64 |   152 |       ||   239
       Distracted        |       |       |     1 |    12 |       ||    13
  Eat: Chunk             |    20 |    14 |    36 |    97 |     8 ||   175
       Royal jelly       |       |       |       |     5 |       ||     5
       Meat ration       |       |       |       |     2 |       ||     2
Armor: Skin              |     9 |     2 |    12 |    24 |       ||    47
Dodge: Dodged            |   134 |   131 |   251 |  1374 |     4 ||  1894
